 Dungeon Crawl Stone Soup version 0.30-a0-241-g1121274140 (console) character file.

Game seed: 8406925970547953903

7129 mteam88 the Destroyer (level 11, -28/62 HPs)
             Began as a Tengu Conjurer on Oct 10, 2022.
             Was a Believer of the Shining One.
             Annihilated by an ettin
             ... wielding a +0 dire flail
              (30 damage)
             ... on level 9 of the Dungeon on Oct 11, 2022.
             The game lasted 01:51:47 (9986 turns).

mteam88 the Destroyer (Tengu Conjurer)              Turns: 9986, Time: 01:51:48

Health: -28/62     AC:  4    Str: 16    XL:     11   Next: 10%
Magic:  19/22      EV: 16    Int: 29    God:    the Shining One [**....]
Gold:   847        SH:  0    Dex: 12    Spells: 11/24 levels left

rFire   + + .      SeeInvis .    z - +12 hand axe {venom, rElec rC++ Int+3, Mjolnir}
rCold   + + .      Faith    +    (no shield)
rNeg    + + .      Spirit   .    t - +0 leather armour
rPois   .          Reflect  .    (helmet restricted)
rElec   +          Harm     .    (no cloak)
rCorr   .          Rampage  .    P - +0 pair of gloves of the Hanged Man {rF++ Int+5}
Will    .....                    (boots unavailable)
Stlth   +.........               i - amulet of faith
HPRegen 0.30/turn                a - +6 ring of strength
MPRegen 0.18/turn                I - ring of positive energy

@: flying quickly and evasively, glowing, quick
A: beak, talons 3, nimble flight
a: Renounce Religion, Divine Shield


You were on level 9 of the Dungeon.
You worshipped the Shining One.
The Shining One was pleased with you.
You visited 2 branches of the dungeon, and saw 9 of its levels.

You collected 1439 gold pieces.
You spent 592 gold pieces at shops.

Inventory:

Hand Weapons
 c - a +0 dagger of electrocution
 e - a +2 short sword of flaming
 l - a +2 dagger of protection
 y - a +0 dagger of speed
 z - the +12 hand axe "Zokycs" (weapon) {venom, rElec rC++ Int+3, Mjolnir}
   (You found it on level 5 of the Dungeon)

   It poisons the flesh of those it strikes.
   Int:       It affects your intelligence (+3).
   rC:        It greatly protects you from cold.
   rElec:     It insulates you from electricity.
 J - a +1 spear of freezing
 M - a +3 mace
Missiles
 k - 34 stones (quivered)
 m - a boomerang of dispersal
 s - 4 throwing nets
 w - 25 poisoned darts
 C - 11 boomerangs
Armour
 g - a +0 scale mail
 r - a +2 pair of boots of stealth
 t - a +0 leather armour (worn)
 P - the +0 pair of gloves of the Hanged Man (worn) {rF++ Int+5}
   (You bought it in a shop on level 9 of the Dungeon)

   Int:       It affects your intelligence (+5).
   rF:        It greatly protects you from fire.
Jewellery
 a - a +6 ring of strength (left hand)
 i - an amulet of faith (around neck)
 j - a ring of protection from fire
 I - a ring of positive energy (right hand)
Wands
 D - a wand of flame (17)
 K - a wand of polymorph (8)
Scrolls
 o - 4 scrolls of torment
 q - a scroll of amnesia
 v - 4 scrolls of blinking
 G - 4 scrolls of teleportation
 N - 2 scrolls of identify
 O - a scroll of fog
Potions
 b - 3 potions of magic
 n - a potion of degeneration
 A - 3 potions of attraction
 B - 3 potions of flight
 L - a potion of heal wounds


   Skills:
 + Level 4.4 Fighting
 * Level 8.5(8.9) Axes
 + Level 3.8(6.6) Polearms
 + Level 2.6 Throwing
 + Level 4.6 Armour
 + Level 6.5 Dodging
 + Level 4.6 Stealth
 + Level 7.1 Spellcasting
 + Level 8.8 Conjurations
 + Level 0.4 Hexes
 * Level 7.7 Summonings
 + Level 0.2 Invocations
 + Level 0.3 Evocations


You had 11 spell levels left.
You knew the following spells:

 Your Spells              Type           Power      Damage    Failure   Level
a - Magic Dart            Conj           100%       1d8       1%          1
b - Searing Ray           Conj           100%       2d8       1%          2
c - Dazzling Flash        Conj/Hex       74%        N/A       2%          3
d - Call Canine Familiar  Summ           53%        N/A       1%          3
e - Fulminant Prism       Conj/Hex       18%        3d11      9%          4

Your spell library contained the following spells:

 Spells                   Type           Power      Damage    Failure   Level
 Kiss of Death            Conj/Necr      100%       2d13      1%          1
 Iskenderun's Mystic Bla  Conj/Tloc      36%        2d9       10%         4
 Confusing Touch          Hex            12%        N/A       16%         3
 Portal Projectile        Hex/Tloc       22%        N/A       17%         3
 Leda's Liquefaction      Hex/Erth       5%         N/A       50%         4
 Dispel Undead            Necr           10%        3d9       52%         4


Dungeon Overview and Level Annotations

Branches:
Dungeon (9/15)                Orc (1/2) D:9
 Temple: D:4-7         Lair: D:8-11

Altars:
Cheibriados
Elyvilon
Gozag
The Shining One

Shops:
D:7 *   D:9 ([

Annotations:
D:8 Maggie


Innate Abilities, Weirdness & Mutations

You have a beak for a mouth.
You have claws for feet.
Your magical nature lets you fly swiftly and evasively.


Message History

HP restored.
You start resting.
Your extra speed is starting to run out.
You start resting.
You feel yourself slow down.
You start resting.
Magic restored.
Done exploring.
There is a staircase to the Orcish Mines here.
You fly downwards.
Welcome back to the Orcish Mines!
You feel a wave of frost pass over you.
There is an entrance to an ice cave on this level.
Hurry and find it before the portal melts!
You hear the crackling of a melting archway nearby.
There is a staircase back to the Dungeon here.
Casting: Magic Dart (safe; 1% risk of failure)
Confirm with . or Enter, or press ? or * to list all spells.
You completely miss the orc. You claw the orc!
You kill the orc!
Casting: Call Canine Familiar (safe; 1% risk of failure)
Confirm with . or Enter, or press ? or * to list all spells.
Aiming: Magic Dart (safe; 1% risk of failure)
Press: ? - help, Shift-Dir - straight line, f - ettin
Aim: an ettin, wielding two +0 dire flails (ally target, 100% to hit)
The magic dart hits the ettin.
The ettin is lightly wounded.
Your wolf bites the ettin.
Your wolf bites the ettin but does no damage.
There is a staircase back to the Dungeon here.
Your wolf bites the ettin.
The ettin hits you with a +0 dire flail!!
The ettin hits you with a +0 dire flail!
Your wolf bites the ettin but does no damage.
You fly upwards.
Welcome back to the Dungeon!
There is a staircase to the Orcish Mines here.
You feel much better.
The ettin hits you with a +0 dire flail!!!
Ouch! That really hurt!
* * * LOW HITPOINT WARNING * * *
The ettin hits you with a +0 dire flail!!
You die...

#.....................###.
#...............#......##.
#..................###.###
#..........#..............
#.....................###.
#.........##....[.........
###..#######...........#..
##..................)).)
#..................)...
#......C...........#...
#...∩.@.∩..........####
#..................# #
#..............)...#
#............##....####
#........###.##.##..#..
######.#...)....###....
##.....)...## #..##
#.....[.[...# #.##
#.....[.)...###.#
#.......<)......#
#........[...####


You could see an ettin.

Vanquished Creatures
  A swamp dragon (D:9)
  A cyclops (D:9)
  A polar bear (D:9)
  A hornet (D:8)
  A wyvern (D:8)
  11 yaks (D:9)
  A steam dragon (D:6)
  A water moccasin (D:8)
  3 ice beasts
  5 orc warriors
  2 black bears (D:5)
  An ogre (D:5)
  A wolf (D:9)
  4 centaurs
  A phantom (D:6)
  A kobold brigand (D:9)
  2 gnoll sergeants
  A scorpion (D:5)
  2 wights (D:8)
  An electric eel (D:9)
  A howler monkey (D:7)
  2 jellies (D:5)
  6 orc priests
  A gnoll bouda (D:6)
  3 hounds
  9 orc wizards
  2 iguanas
  A centaur simulacrum (D:9)
  6 adders
  13 gnolls
  A white imp (D:9)
  An ufetubus (D:9)
  4 worms
  A dart slug (D:2)
  26 orcs
  3 endoplasms
  2 giant cockroaches
  2 goblins
  3 hobgoblins
  6 jackals
  3 quokkas
  5 ball pythons
  8 bats
  A frilled lizard (D:1)
  11 kobolds
  8 rats
171 creatures vanquished.

Vanquished Creatures (collateral kills)
  2 kobold demonologists (D:9)
  An ice beast (D:9)
  A wolf (D:9)
  A centaur (D:8)
  2 wights (D:8)
  An orc priest (D:9)
  An iguana (D:6)
  3 gnolls (D:6)
  A white imp (D:9)
  3 orcs
  2 kobolds (D:9)
18 creatures vanquished.

Vanquished Creatures (others)
  10 fulminant prisms
10 creatures vanquished.

Grand Total: 199 creatures vanquished

Notes
Turn   | Place    | Note
-------+----------+-------------------------------------------
     0 | D:1      | mteam88 the Tengu Conjurer began the quest for the Orb.
     0 | D:1      | Reached XP level 1. HP: 10/10 MP: 4/4
   283 | D:1      | Reached XP level 2. HP: 15/15 MP: 4/6
  1132 | D:1      | Learned a level 2 spell: Searing Ray
  1183 | D:1      | Reached XP level 3. HP: 2/19 MP: 4/7
  1506 | D:2      | Reached skill level 5 in Dodging
  1506 | D:2      | Reached XP level 4. HP: 28/28 MP: 7/11
  1937 | D:2      | Found a glowing golden altar of the Shining One.
  1950 | D:2      | Became a worshipper of the Shining One
  2028 | D:2      | Learned a level 3 spell: Dazzling Flash
  2032 | D:2      | Learned a level 3 spell: Call Canine Familiar
  2549 | D:3      | Gained mutation: Your magical nature lets you fly swiftly
                  | and evasively. [Tengu growth]
  2549 | D:3      | Reached XP level 5. HP: 32/32 MP: 11/13
  2688 | D:3      | Reached skill level 5 in Spellcasting
  3080 | D:3      | Found a snail-covered altar of Cheibriados.
  3080 | D:3      | Found a white marble altar of Elyvilon.
  3195 | D:3      | You are sucked into a shaft and drop 3 floors!
  3206 | D:5      | Entered Level 5 of the Dungeon
  3207 | D:5      | Identified the +12 hand axe "Zokycs" {venom, rElec rC++
                  | Int+3}
  3270 | D:5      | Reached XP level 6. HP: 37/37 MP: 8/14
  3499 | D:5      | Reached skill level 1 in Summonings
  3655 | D:5      | Noticed an ice beast
  3660 | D:5      | Killed an ice beast
  3661 | D:5      | Reached XP level 7. HP: 31/41 MP: 15/15
  4029 | D:5      | Reached * piety under the Shining One
  4381 | D:5      | Reached XP level 8. HP: 38/46 MP: 17/17
  4499 | D:5      | Identified a scroll of acquirement
  4500 | D:5      | Acquired 708 gold pieces
  4555 | D:5      | Found an opulent altar of Gozag.
  6138 | D:7      | Reached XP level 9. HP: 46/51 MP: 5/18
  6379 | D:7      | Reached skill level 5 in Axes
  6518 | D:7      | Reached skill level 1 in Throwing
  6774 | D:7      | Learned a level 4 spell: Fulminant Prism
  6853 | D:7      | Found Imonn's Overcharged Wands.
  7195 | D:8      | Reached skill level 5 in Summonings
  7374 | D:8      | Reached ** piety under the Shining One
  7787 | D:8      | Noticed a hornet
  7806 | D:8      | Killed a hornet
  7908 | D:8      | Noticed Maggie
  7972 | D:9      | Was placed under penance by the Shining One
  8394 | D:9      | Found a staircase to the Orcish Mines.
  8394 | D:9      | Found Pautess's Weapon Emporium.
  8399 | D:9      | Found Alauhasi's Armour Emporium.
  8430 | D:9      | Reached XP level 10. HP: 56/56 MP: 15/20
  8547 | D:9      | Bought the +0 pair of gloves of the Hanged Man {rF++ Int+5}
                  | for 592 gold pieces
  8708 | D:9      | Noticed a cyclops
  8717 | D:9      | Killed a cyclops
  8770 | D:9      | Noticed a kobold demonologist
  8774 | D:9      | Noticed an orange demon
  8774 | D:9      | Noticed a kobold demonologist
  8782 | D:9      | Killed a kobold demonologist
  8786 | D:9      | Killed a kobold demonologist
  8919 | D:9      | Was forgiven by the Shining One
  9093 | D:9      | Noticed Harold
  9127 | D:9      | Harold changed into Harold the swamp dragon
  9127 | D:9      | Noticed Harold
  9130 | D:9      | Killed Harold the swamp dragon
  9386 | D:9      | Reached XP level 11. HP: 62/62 MP: 19/22
  9571 | D:9      | Upgraded the game from 0.30-a0-234-g97d66968fd to
                  | 0.30-a0-241-g1121274140
  9608 | Orc:1    | Entered Level 1 of the Orcish Mines
  9809 | Orc:1    | Noticed an ettin
  9986 | D:9      | HP: 2/62 [ettin/+0 dire flail (41)]
  9986 | D:9      | Annihilated by an ettin

Illustrated notes

Levels and vault maps discovered:
D:1:      minmay_arrival_split_and_join, layout_basic, minmay_crystal_water,
          nicolae_figureground_sparkle
D:2:      layout_loops_corners, basic_altar
D:3:      layout_basic, gammafunk_temple_overflow_elements,
          hangedman_decor_points, hangedman_abyss_or_decor_lesser_grid
D:5:      kennysheep_six_static_rooms, layout_cave_pods,
          lemuel_coloured_pillars_altar, cheibrodos_sewer_entry_bend,
          dreamdust_mushroom_princess, chequers_serial_rivers_micro_c
D:6:      layout_basic
D:7:      layout_cave_pools, grunt_decor_mini_mirrors,
          nicolae_shop_overcharged_wands
D:8:      layout_basic, minmay_misc_feat_chi, due_unseen_surprise, uniq_maggie
D:9:      layout_rooms, orc_david_3, serial_ice, serial_ice_i, serial_ice_n,
          serial_ice_g, serial_ice_m, uniq_harold
Orc:1:    nicolae_orc_accident_2, layout_caves,
          portal_ice_cave_entry_ice_simulacra, nicolae_orc_damp_corner,
          nicolae_orc_flooded_monolith, minmay_orc_keep

Skill      XL: |  1  2  3  4  5  6  7  8  9 10 |
---------------+-------------------------------+-----
Conjurations   | 6 7 8 |  8.8
Fighting       | 3 4 |  4.4
Polearms       | 3 |  3.8
Armour         | 3 4 |  4.6
Dodging        | 5 6 |  6.5
Stealth        | 4 |  4.6
Spellcasting   | 4 5 6 7 |  7.1
Summonings     | 1 4 5 7 |  7.7
Axes           | 2 3 4 6 8 |  8.5
Throwing       | 2 |  2.6
Hexes          | |  0.4
Invocations    | |  0.2
Evocations     | |  0.3

Action                   |  1- 3 |  4- 6 |  7- 9 | 10-12 || total
-------------------------+-------+-------+-------+-------++-------
Melee: Spear             |    27 |       |       |       ||    27
       Kick              |     6 |    14 |    32 |    22 ||    74
       Peck              |     2 |    10 |    20 |    16 ||    48
       Short sword       |       |    35 |       |       ||    35
       Hand axe          |       |    21 |    97 |    74 ||   192
       Punch             |       |     1 |     1 |     2 ||     4
Throw: Dart              |       |       |    31 |     3 ||    34
       Stone             |       |       |       |     5 ||     5
       Throwing net      |       |       |       |     3 ||     3
 Cast: Magic Dart        |    33 |    86 |    39 |    18 ||   176
       Call Canine Famil |       |       |    30 |    13 ||    43
       Searing Ray       |       |       |     2 |     1 ||     3
       Fulminant Prism   |       |       |     2 |     8 ||    10
       Dazzling Flash    |       |       |       |     1 ||     1
Invok: Divine Shield     |       |       |     1 |       ||     1
Evoke: Wand              |       |       |       |     5 ||     5
  Use: Potion            |     3 |       |     7 |     4 ||    14
       Scroll            |     2 |     5 |    15 |     1 ||    23
Armor: Scale mail        |    36 |    25 |     5 |       ||    66
       Leather armour    |       |       |    16 |     5 ||    21
Dodge: Dodged            |    30 |    21 |    96 |    62 ||   209

Table legend: (Time is in decaauts)
 A = Elapsed time spent in this place.
 B = Non-inter-level travel time spent in this place.
 C = Inter-level travel time spent in this place.
 D = Time resting spent in this place.
 E = Time spent auto-exploring this place.
 F = Levels seen in this place.
 G = Mean time per level.
                   A        B        C        D        E       F      G
               +--------+--------+--------+--------+--------+-----+--------+
         Total |   9541 |   9424 |    117 |   2174 |   4737 |   9 | 1060.1 |
       Dungeon |   9289 |   9172 |    117 |   2174 |   4659 |   8 | 1161.1 |
  Orcish Mines |    252 |    252 |      0 |      0 |     78 |   1 |  252.0 |
               +--------+--------+--------+--------+--------+-----+--------+

Top non-repeatable levels by time:
     D:5: 1383 daAuts
     D:8: 1291 daAuts
     D:9: 1277 daAuts
     D:1: 1246 daAuts
     D:2: 1202 daAuts
     D:6: 1191 daAuts
     D:7: 971 daAuts
     D:3: 725 daAuts
   Orc:1: 252 daAuts
